 Dungeon Crawl Stone Soup version 0.30-a0-1018-g25214051b3 (webtiles) character file.

Game seed: 5739372726036272026

12086 Maxmaps the Fighter (level 11, -4/98 HPs)
             Began as a Demonspawn Monk on Apr 7, 2023.
             Was an Initiate of Gozag.
             Slain by an ogre
             ... wielding a +0 giant spiked club
             ... led by Lodul
              (23 damage)
             ... on level 11 of the Dungeon.
             The game lasted 00:15:38 (12201 turns).

Maxmaps the Fighter (Demonspawn Monk)              Turns: 12201, Time: 00:15:38

Health: -4/98      AC: 11    Str: 12    XL:     11   Next: 57%
Magic:  11/11      EV: 13    Int: 15    God:    Gozag
Gold:   639        SH:  0    Dex: 16    Spells: 10/10 levels left

rFire   . . .      SeeInvis .    q - +6 dagger (venom)
rCold   . . .      Faith    .    (no shield)
rNeg    . . .      Spirit   .    r - +0 steam dragon scales
rPois   .          Reflect  .    (no helmet)
rElec   .          Rampage  .    h - +0 cloak
rCorr   .                        (no gloves)
Will    +....                    u - +0 pair of boots
Stlth   ++                       (no amulet)
HPRegen 0.36/turn                l - ring of wizardry
MPRegen 0.12/turn                G - ring of willpower

@: gold aura, invisible
A: yellow scales 2, demonic guardian 2, spiny 1
a: Renounce Religion, Potion Petition, Call Merchant, Bribe Branch


You were on level 11 of the Dungeon.
You worshipped Gozag.
Gozag was pleased with you.
You visited 2 branches of the dungeon, and saw 12 of its levels.
You also visited: Ossuary.

You collected 1750 gold pieces.
You spent 256 gold pieces at shops.
You paid 855 gold pieces to Gozag.

Inventory:

Hand Weapons
 d - a +3 heavy short sword
 q - a +6 dagger of venom (weapon)
 E - the +4 short sword "Wamo" {flame, Dex+2}
   (You bought it in a shop on level 10 of the Dungeon)

   Dex:       It affects your dexterity (+2).
Missiles
 F - 2 throwing nets (quivered)
Armour
 h - a +0 cloak (worn)
 r - +0 steam dragon scales (worn)
 u - a +0 pair of boots (worn)
Jewellery
 c - a ring of magical power
 l - a ring of wizardry (left hand)
 m - a ring of flight
 v - a ring of magical power
 C - a ring of wizardry
 G - a ring of willpower (right hand)
 M - a ring of wizardry
Wands
 f - a wand of digging (7)
 g - a wand of charming (14)
 s - a wand of flame (28)
 I - a wand of iceblast (7)
Scrolls
 a - 3 scrolls of noise
 n - 3 scrolls of poison
 o - 2 scrolls of enchant armour
 w - 5 scrolls of teleportation
 y - a scroll of magic mapping
 z - a scroll of enchant weapon
 A - a scroll of brand weapon
 H - a scroll of fear
 J - a scroll of identify
 K - a scroll of amnesia
 L - a scroll of fog
 N - a scroll of blinking
Potions
 b - 3 potions of flight
 e - 2 potions of magic
 i - 4 potions of brilliance
 k - a potion of invisibility
 p - 3 potions of resistance
 t - 2 potions of ambrosia
 x - 3 potions of haste
 B - 2 potions of mutation
 D - a potion of cancellation


   Skills:
 + Level 13.6 Fighting
 - Level 11.0 Short Blades
 - Level 4.0 Armour
 - Level 3.0 Dodging
 - Level 1.7 Stealth
 - Level 3.0 Unarmed Combat


You had 10 spell levels left.
You didn't know any spells.
Your spell library contained the following spells:

 Spells                   Type           Power      Damage    Failure   Level
 Kiss of Death            Conj/Necr      0%         2d5       11%         1
 Sting                    Tmut/Pois      0%         1d3       11%         1
 Poisonous Vapours        Pois/Air       0%         N/A       16%         2
 Static Discharge         Conj/Air       0%         2-2/arc   16%         2
 Sublimation of Blood     Necr           0%         N/A       16%         2
 Confusing Touch          Hex            0%         N/A       32%         3
 Dazzling Flash           Conj/Hex       0%         N/A       32%         3
 Hailstorm                Conj/Ice       0%         3d3       32%         3
 Portal Projectile        Hex/Tloc       0%         N/A       32%         3
 Tukima's Dance           Hex            0%         N/A       32%         3
 Vhi's Electric Charge    Tloc/Air       0%         N/A       32%         3
 Volatile Blastmotes      Fire/Tloc      0%         2d10      32%         3
 Airstrike                Air            0%         2d(0-16)  69%         4
 Dispel Undead            Necr           0%         3d6       69%         4
 Ice Form                 Ice/Tmut       0%         N/A       69%         4
 Iskenderun's Mystic Bla  Conj/Tloc      0%         2d3       69%         4
 Olgreb's Toxic Radiance  Pois           0%         N/A       69%         4
 Petrify                  Tmut/Erth      0%         N/A       69%         4
 Summon Lightning Spire   Summ/Air       0%         N/A       69%         4
 Arcjolt                  Conj/Air       0%         1d10      95%         5
 Blade Hands              Tmut           0%         N/A       95%         5
 Irradiate                Conj/Tmut      0%         3d11      95%         5
 Starburst                Conj/Fire      0%         6d3       100%        6
 Maxwell's Capacitive Co  Air            0%         ∞         100%        8
 Simulacrum               Ice/Necr       Unusable   N/A       N/A         6

Dungeon Overview and Level Annotations

Branches:
Dungeon (11/15)            Temple (1/1) D:6            Lair (0/5) D:11
    Orc (0/2) D:9         Ossuary (visited)

Altars:
Ashenzari
Cheibriados
Dithmenos
Fedhas
Gozag
Hepliaklqana
Kikubaaqudgha
Makhleb
Nemelex Xobeh
Okawaru
Qazlal
Ru
Sif Muna
Trog
Uskayaw
Vehumet
Wu Jian
Xom
Yredelemnul

Shops:
D:10 (


Innate Abilities, Weirdness & Mutations

You are mostly covered in yellow scales. (AC +3)
A demonic guardian rushes to your aid.
You are partially covered in sharp spines.


Message History

The ogre hits your smoke demon with a +0 giant spiked club!!
Your smoke demon hits the ogre but does no damage.
Your smoke demon barely misses the ogre. x2
The ogre is distracted by your dazzling golden aura.
The ogre is no longer distracted by gold.
The ogre hits your smoke demon with a +0 giant spiked club!
Your smoke demon dies!
Your smoke demon disappears in a puff of smoke!
The ogre is distracted by your dazzling golden aura.
Things that are here:
382 gold pieces; a +0 dire flail The ogre shouts!
You hit the ogre.
The ogre is poisoned.
The ogre is no longer distracted by gold.
The ogre is lightly wounded.
You catch the helpless ogre completely off-guard!
You impale the ogre!!
You kill the ogre!
The ogre is distracted by your dazzling golden aura. x2
The ogre shouts! x2
You hit the ogre.
The ogre is poisoned.
The ogre is lightly wounded.
You hit the ogre.
The ogre looks as sick as possible!
The ogre is moderately wounded.
The ogre barely misses you.
You completely miss the ogre.
The ogre is moderately wounded.
The ogre is no longer distracted by gold.
You catch the helpless ogre completely off-guard!
You impale the ogre!!
You kill the ogre!
You hit the ogre.
The ogre is poisoned.
The ogre is lightly wounded.
The ogre is no longer distracted by gold.
You hit the ogre.
The ogre is moderately wounded.
The ogre is struck by your spines.
The ogre hits you with a +0 giant spiked club!!
You die...
Your body crumbles into a pile of gold.

#..##...##.# #.#
#..##...##.# #.#
#..##...##.# #.#
#..##...##.# #.#
###..##...##.#
#.#####
.....##...##.#
#.....#
..........##.#
#.....#
####......##.#
#.....#
#.........#
#@#####
#.........###O#
#......#.....O#
#......#...#.O#
#[.....#...#.O#
#......#...#..#
#.....)#...#...
#.....)#...#....
#....))...<#.....


You could see 4 ogres.

Vanquished Creatures
  Harold (D:9)
  2 two-headed ogres (D:11)
  Lodul (D:11)
  Pikel (D:7)
  Joseph (D:8)
  Maurice (D:9)
  Maggie (D:7)
  2 kobold demonologists (D:11)
  A troll (D:11)
  Grinder (D:5)
  2 wraiths
  2 yaks (D:9)
  2 basilisks (D:11)
  A wyvern (D:11)
  A vampire (D:10)
  A vampire mosquito (D:11)
  2 steam dragons (D:7)
  5 water moccasins
  3 orc warriors
  2 black bears
  6 ogres
  3 wolves (D:11)
  2 centaurs
  3 lemures (D:7)
  2 phantoms
  4 kobold brigands
  The ghost of relicbr the Sneak, an amateur SpDe (D:6)
  5 bullfrogs
  A scorpion (D:6)
  11 killer bees (D:9)
  2 howler monkeys
  2 hounds (D:5)
  6 orc priests
  Crazy Yiuf (D:2)
  3 jellies
  2 sleepcaps (D:6)
  Jessica (D:2)
  2 iguanas
  15 orc wizards
  3 mummies (Ossuary)
  8 adders
  A gnoll (D:5)
  A shadow imp (D:5)
  6 white imps
  2 ufetubi (D:5)
  5 worms
  3 dart slugs
  45 orcs
  8 ball pythons
  11 endoplasms
  5 giant cockroaches
  A gnoll zombie (Ossuary)
  2 goblins
  8 hobgoblins
  5 jackals
  4 quokkas
  3 bats
  3 frilled lizards
  3 goblin zombies (Ossuary)
  A hobgoblin zombie (Ossuary)
  20 kobolds
  2 kobold zombies (Ossuary)
  An orc zombie (Ossuary)
  6 rats
262 creatures vanquished.

Vanquished Creatures (collateral kills)
  Josephine (D:10)
  3 wraiths (D:10)
  A yak (D:9)
  Menkaure (D:7)
  A howler monkey (D:6)
  An orc priest (D:9)
  2 orc wizards (D:9)
  2 orcs
12 creatures vanquished.

Vanquished Creatures (others)
  3 fungi (D:11)
  7 plants (D:11)
10 creatures vanquished.

Grand Total: 284 creatures vanquished

Notes
Turn   | Place    | Note
-------+----------+-------------------------------------------
     0 | D:1      | Maxmaps the Demonspawn Monk began the quest for the Orb.
     0 | D:1      | Reached XP level 1. HP: 18/18 MP: 1/1
    72 | D:1      | Gained mutation: You are partially covered in sharp spines.
                  | [demonic ancestry]
    72 | D:1      | Reached XP level 2. HP: 13/24 MP: 2/2
   436 | D:1      | Reached skill level 1 in Armour
   924 | D:2      | Reached XP level 3. HP: 29/29 MP: 3/3
  1204 | D:2      | Found a runed translucent door.
  1205 | D:2      | Noticed Crazy Yiuf
  1231 | D:2      | Noticed Jessica
  1241 | D:2      | Killed Jessica
  1242 | D:2      | Gained mutation: You are partially covered in yellow
                  | scales. (AC +2) [demonic ancestry]
  1242 | D:2      | Reached XP level 4. HP: 28/35 MP: 4/4
  1537 | D:2      | Killed Crazy Yiuf
  1649 | D:3      | Found a faded altar of an unknown god.
  1878 | D:3      | Reached XP level 5. HP: 32/41 MP: 5/5
  2283 | D:3      | Found a radiant altar of Vehumet.
  2291 | D:3      | Found a hide-covered altar of Uskayaw.
  2293 | D:3      | Found a burning altar of Makhleb.
  2294 | D:3      | Found a faded altar of an unknown god.
  2617 | D:4      | Reached skill level 1 in Short Blades
  2626 | D:4      | HP: 2/41 [poisoned by an orc wizard]
  2904 | D:4      | Reached XP level 6. HP: 38/47 MP: 6/6
  3337 | D:5      | Entered Level 5 of the Dungeon
  3391 | D:5      | Identified the +10 quarterstaff "Ucrom" {antimagic, rPois
                  | rC- Will++ Int+3}
  3403 | D:5      | Found a sand-covered staircase.
  3409 | Ossuary  | Entered an ossuary
  3409 | Ossuary  | Noticed a wraith
  3409 | Ossuary  | Noticed a wraith
  3409 | Ossuary  | Noticed a wraith
  3825 | Ossuary  | Noticed a wraith
  3842 | Ossuary  | Killed a wraith
  3843 | Ossuary  | Gained mutation: A weak demonic guardian rushes to your
                  | aid. [demonic ancestry]
  3843 | Ossuary  | Reached XP level 7. HP: 39/52 MP: 7/7
  4012 | D:5      | Reached skill level 5 in Short Blades
  4029 | D:5      | Noticed Grinder
  4088 | D:5      | Paralysed by Grinder for 5 turns
  4100 | D:5      | Paralysed by Grinder for 5 turns
  4102 | D:5      | Killed Grinder
  4103 | D:5      | Reached XP level 8. HP: 23/58 MP: 8/8
  4468 | D:5      | Identified the +6 short sword of Ascent {heavy, rElec
                  | Will+}
  4693 | D:6      | Found a staircase to the Ecumenical Temple.
  4736 | Temple   | Entered the Ecumenical Temple
  4962 | Temple   | Became a worshipper of Gozag Ym Sagoz the Greedy
  5132 | D:6      | Found an iron altar of Okawaru.
  5158 | D:6      | Found a broken altar of Ashenzari.
  5753 | D:6      | Found a runed translucent door.
  5757 | D:6      | Noticed relicbr's ghost (amateur SpDe)
  6122 | D:6      | Killed relicbr's ghost
  6192 | D:7      | Noticed Pikel
  6229 | D:7      | Killed Pikel
  6230 | D:7      | Reached skill level 10 in Short Blades
  6230 | D:7      | Gained mutation: A demonic guardian rushes to your aid.
                  | [demonic ancestry]
  6230 | D:7      | Reached XP level 9. HP: 8/63 MP: 9/9
  6516 | D:7      | Noticed Maggie
  6537 | D:7      | Killed Maggie
  7018 | D:7      | Noticed Menkaure
  7026 | D:7      | Killed Menkaure
  7332 | D:7      | Reached skill level 4 in Fighting
  7782 | D:8      | Noticed Joseph
  7800 | D:8      | Killed Joseph
  7801 | D:8      | Reached skill level 6 in Fighting
  8383 | D:8      | Found a sacrificial altar of Ru.
  8417 | D:9      | Gained mutation: You are mostly covered in yellow scales.
                  | (AC +3) [demonic ancestry]
  8417 | D:9      | Reached XP level 10. HP: 50/77 MP: 10/10
  8421 | D:9      | Reached skill level 7 in Fighting
  8753 | D:9      | Found a stormy altar of Qazlal.
  8803 | D:9      | Reached skill level 8 in Fighting
  9032 | D:9      | Found a sparkling altar of Nemelex Xobeh.
  9152 | D:9      | Noticed Maurice
  9169 | D:9      | Killed Maurice
  9298 | D:9      | Noticed Harold
  9318 | D:9      | Killed Harold
  9319 | D:9      | Reached skill level 9 in Fighting
  9638 | D:9      | Found a staircase to the Orcish Mines.
  9651 | D:9      | Reached skill level 10 in Fighting
  9767 | D:10     | Entered Level 10 of the Dungeon
 10278 | D:10     | Noticed Josephine
 10293 | D:10     | Killed Josephine
 10295 | D:10     | Reached skill level 11 in Fighting
 10656 | D:10     | Bought a faintly glowing short sword for 256 gold pieces
 10656 | D:10     | Identified the +4 short sword "Wamo" {flame, Dex+2} (You
                  | bought it in a shop on level 10 of the Dungeon)
 10929 | D:10     | Reached XP level 11. HP: 93/93 MP: 11/11
 11454 | D:11     | Noticed a two-headed ogre
 11474 | D:11     | Reached skill level 12 in Fighting
 11496 | D:11     | Killed a two-headed ogre
 11718 | D:11     | Noticed a two-headed ogre
 11754 | D:11     | Killed a two-headed ogre
 11930 | D:11     | Reached skill level 13 in Fighting
 11982 | D:11     | Found a staircase to the Lair.
 12165 | D:11     | Noticed Lodul
 12190 | D:11     | Killed Lodul
 12201 | D:11     | Slain by an ogre

Illustrated notes

Levels and vault maps discovered:
D:1:      dpeg_arrival_arbitrary_b, layout_basic
D:2:      layout_basic, minivault_25, uniq_jessica, uniq_crazy_yiuf_cottage
D:3:      layout_basic, chequers_temple_overflow_minitemple,
          nicolae_ecumenical_oubliette, hangedman_feature_mirror,
          minmay_goblin_kobold_house
D:4:      layout_rooms
D:5:      layout_rooms, nicolae_ossuary_entry_plus, hex_intersection,
          st_stairs_4, hangedman_abyss_or_decor_lesser_grid, kennysheep_boxes,
          uniq_grinder
D:6:      layout_loops_cross, mainiacjoe_overflow_two_lobes,
          minmay_temple_entry_offerings, ebering_ghost_sewer_d, hellmonk_no_cap
D:7:      layout_loops_corners, uniq_maggie, uniq_menkaure, uniq_pikel
D:8:      layout_loops_cross, kennysheep_mini_moat, uniq_joseph
D:9:      layout_basic, nemelex_xobeh_ov_fountains_minmay, grunt_qazlal_clouds,
          minmay_orc_entry_temple_small, serial_glass, glass_columns_b,
          glass_columns_c, glass_columns_b, glass_columns_a, glass_columns_b,
          glass_columns_a, glass_columns_c, glass_columns_c, glass_columns_a,
          glass_columns_b, uniq_maurice, uniq_harold
D:10:     layout_stronghold, mainiacjoe_overflow_tiny_flanked, uniq_josephine
D:11:     layout_long_grid, minmay_lair_entry_grove, billiards_dpeg, uniq_lodul,
          uniq_snorg
Temple:   nicolae_temple_bog_church

Skill      XL: |  1  2  3  4  5  6  7  8  9 10 11 |
---------------+----------------------------------+-----
Unarmed Combat | 3 |  3.0
Dodging        | 3 |  3.0
Armour         | 1 2 3 4 |  4.0
Short Blades   | 2 4 7 10 11 | 11.0
Fighting       | 6 11 13 | 13.6
Stealth        | |  1.7

Action                     |  1- 3 |  4- 6 |  7- 9 | 10-12 || total
---------------------------+-------+-------+-------+-------++-------
  Melee: Unarmed           |    24 |       |       |       ||    24
         Punch             |     2 |     6 |    12 |     7 ||    27
         Short sword       |    50 |    79 |       |    18 ||   147
         Dagger            |       |    79 |   363 |   368 ||   810
 Invoke: Potion Petition   |       |       |     1 |       ||     1
         Call Merchant     |       |       |       |     1 ||     1
  Evoke: Wand              |       |       |       |     6 ||     6
    Use: Scroll            |       |    10 |    14 |     2 ||    26
         Potion            |       |     7 |     3 |     7 ||    17
   Stab: Sleeping          |       |     1 |       |     2 ||     3
         Distracted        |       |       |     3 |       ||     3
         Invisible         |       |       |       |     6 ||     6
 Armour: Robe              |     5 |       |       |       ||     5
         Ring mail         |    12 |    52 |       |       ||    64
         Skin              |       |     2 |       |       ||     2
         Chain mail        |       |    12 |   116 |       ||   128
         Steam dragon scal |       |       |    26 |    93 ||   119
  Dodge: Dodged            |    39 |    58 |   104 |   137 ||   338

Table legend: (Time is in decaauts)
 A = Elapsed time spent in this place.
 B = Non-inter-level travel time spent in this place.
 C = Inter-level travel time spent in this place.
 D = Time resting spent in this place.
 E = Time spent auto-exploring this place.
 F = Levels seen in this place.
 G = Mean time per level.
                   A        B        C        D        E       F      G
               +--------+--------+--------+--------+--------+-----+--------+
         Total |  11885 |  11471 |    414 |    823 |   8634 |  13 |  914.2 |
       Dungeon |  11087 |  10689 |    398 |    823 |   8030 |  11 | 1007.9 |
        Temple |    263 |    247 |     16 |      0 |    206 |   1 |  263.0 |
       Ossuary |    534 |    534 |      0 |      0 |    397 |   1 |  534.0 |
               +--------+--------+--------+--------+--------+-----+--------+

Top non-repeatable levels by time:
     D:9: 1803 daAuts
     D:7: 1442 daAuts
     D:6: 1174 daAuts
     D:3: 1138 daAuts
    D:10: 1047 daAuts
     D:1: 861 daAuts
     D:5: 830 daAuts
    D:11: 746 daAuts
     D:2: 740 daAuts
     D:8: 708 daAuts
     D:4: 594 daAuts
 Ossuary: 534 daAuts
  Temple: 263 daAuts
